 Dungeon Crawl Stone Soup version 0.31.0-11-ge490571c62 (webtiles) character file.

Game seed: 9371204721067081968

49 qw the Shooter (level 3, 0/20 HPs)
             Began as a Deep Elf Hunter on Feb 3, 2024.
             Succumbed to their own poison gas
             ... on level 2 of the Dungeon.
             The game lasted 00:00:05 (1555 turns).

qw the Shooter (Deep Elf Hunter)                    Turns: 1555, Time: 00:00:05

Health: 0/20       AC:  7    Str:  8 (10) XL:     3   Next: 51%
Magic:  5/5        EV: 10    Int: 12 (13) God:
Gold:   13         SH:  0    Dex: 16 (18) Spells: 2/2 levels left

rFire   . . .        a - +1 shortbow (heavy)
rCold   . . .        (shield currently unavailable)
rNeg    . . .        l - +0 ring mail
rPois   .            (no helmet)
rElec   .            m - +1 cloak
rCorr   .            (no gloves)
SInv    .            (no boots)
Will    .....        (no amulet)
Stlth   +            (no ring)
HPRegen 0.23/turn    (no ring)
MPRegen 0.09/turn

%: no passive effects
@: lethally poisoned (0 -> -1)
A: no striking features
a: no special abilities


You were on level 2 of the Dungeon.
You visited 1 branch of the dungeon, and saw 2 of its levels.

You collected 88 gold pieces.
You spent 75 gold pieces at shops.


   Skills:
 - Level 1.5 Fighting
 + Level 7.0 Ranged Weapons
 - Level 2.4 Dodging
 - Level 1.2 Stealth


You had 2 spell levels left.
You didn't know any spells.
Your spell library was empty.

Inventory:

Hand Weapons
 a - a +1 heavy shortbow (weapon)
Armour
 l - a +0 ring mail (worn)
 m - a +1 cloak (worn)
Potions
 d - a potion of enlightenment
 f - a potion of haste
 g - a potion of berserk rage {unknown}
 i - a potion of heal wounds {unknown}

Dungeon Overview and Level Annotations

Branches:
Dungeon (2/15)

Altars:

Shops:
D:1 [   D:2 ?

Annotations:
D:2 1 runed translucent door, Crazy Yiuf


Message History

As you read the scroll labelled WOEBOU TEMIGI, it crumbles to dust.
It was a scroll of poison.
Done exploring.
1545 ||| DRINKING 2 bubbling emerald potions.
It was a potion of degeneration.
There was something very wrong with that liquid.
You feel weakened.
You feel dopey.
You feel clumsy.
Done exploring.
1546 ||| DROPPING potion of degeneration.
You drop a potion of degeneration.
Done exploring.
What level of the Dungeon? (default 2, ? - help) Sorry, I don't know how to get there.
Enter note:
Enter note:
Enter note:
Enter note:
Enter note:
Enter note: You are engulfed in poison gas.
You are poisoned.
You feel very sick.
1548 ||| Stepping ~*~*~tactically~*~*~ (cloud).
You feel very sick.
Things that are here:
a potion of degeneration; a +0 hammer
There is a lethal amount of poison in your body!
You feel sick.
Crazy Yiuf says, "Crazy?
Crazy!?
PORCUPINE!"
There is a lethal amount of poison in your body!
You feel sick.
There is a lethal amount of poison in your body!
You feel sick.
There is a lethal amount of poison in your body!
You feel sick.
There is a lethal amount of poison in your body!
You feel sick.
There is a lethal amount of poison in your body!
You feel sick.
There is a lethal amount of poison in your body!
You die...

#...........#
#############.....######
#############..........#
#############......###.#
######..)####...#.......
######)..######.#..#####
######.g.######.......#
#######+#####...#####.#
#######@######...## #.##
######¤######.....###...
######¤######......####.
#####¤#######......###.%
######.######..........#
#####)..#####.....######
#####..#.####....##
#####....####.#.## #
#....#####..# #


You could see Crazy Yiuf.

Vanquished Creatures
  2 adders (D:2)
  A dart slug (D:2)
  A bat (D:1)
  2 endoplasms (D:2)
  2 giant cockroaches
  A goblin (D:1)
  2 hobgoblins
  5 kobolds
  4 quokkas
  3 ball pythons
  A frilled lizard (D:1)
  6 rats (D:1)
30 creatures vanquished.

Notes
Turn   | Place    | Note
-------+----------+-------------------------------------------
     0 | D:1      | qw the Deep Elf Hunter began the quest for the Orb.
     0 | D:1      | Reached XP level 1. HP: 12/12 MP: 3/3
     0 | D:1      | 0 ||| qw: Version: 0.3-a-158-g18b3111
     0 | D:1      | 0 ||| qw: Game counter: 4069
     0 | D:1      | 0 ||| qw: Melee chars always use a shield: true
     0 | D:1      | 0 ||| qw: God list: Okawaru
     0 | D:1      | 0 ||| qw: Allow faded altars: false
     0 | D:1      | 0 ||| qw: Do Orc after clearing Dungeon:15 true
     0 | D:1      | 0 ||| qw: Do second Lair branch before Depths: true
     0 | D:1      | 0 ||| qw: Lair rune preference: random
     0 | D:1      | 0 ||| qw: Goals: Normal
     0 | D:1      | 0 ||| PLANNING D:1-11
   265 | D:1      | Reached XP level 2. HP: 16/16 MP: 4/4
   267 | D:1      | Reached skill level 6 in Ranged Weapons
   331 | D:1      | Found Puem's Armour Emporium.
   341 | D:1      | 341 ||| SHOPLISTING +0 scale mail (56 gold, have 20).
   341 | D:1      | 341 ||| SHOPLISTING +1 pearl dragon scales (1468 gold, have
                  | 20).
   341 | D:1      | 341 ||| SHOPLISTING +2 pair of gloves of dexterity (301
                  | gold, have 20).
   341 | D:1      | 341 ||| SHOPLISTING +2 ring mail of willpower (294 gold,
                  | have 20).
   872 | D:1      | 872 ||| UPGRADING to +0 ring mail.
   882 | D:1      | 882 ||| DROPPING +0 leather armour.
   883 | D:1      | 883 ||| UPGRADING to +0 cloak.
   888 | D:1      | 888 ||| READING scroll labelled XUONYPL HANUI.
   893 | D:1      | 893 ||| READING scroll labelled FIENWE PAUJI.
   894 | D:1      | 894 ||| READING scroll labelled GODOFO OFUVES.
   894 | D:1      | 894 ||| BRANDING +0 shortbow.
   895 | D:1      | 895 ||| READING scroll labelled NUAXKI UZOSA.
   895 | D:1      | 895 ||| ENCHANTING +0 cloak.
   896 | D:1      | 896 ||| READING scroll labelled JEPLOSTAOZE.
   897 | D:1      | 897 ||| DROPPING scroll of butterflies.
  1105 | D:2      | Reached XP level 3. HP: 20/20 MP: 5/5
  1266 | D:2      | Found Labuan's Magic Scroll Shoppe.
  1274 | D:2      | 1274 ||| BUYING scroll of enchant weapon (75 gold).
  1274 | D:2      | Bought a scroll of enchant weapon for 75 gold pieces
  1274 | D:2      | 1274 ||| SHOPLISTING scroll of identify (20 gold, have 13).
  1274 | D:2      | 1274 ||| SHOPLISTING scroll of teleportation (30 gold, have
                  | 13).
  1274 | D:2      | 1274 ||| READING scroll of enchant weapon.
  1274 | D:2      | 1274 ||| ENCHANTING +0 heavy shortbow.
  1345 | D:2      | Reached skill level 7 in Ranged Weapons
  1469 | D:2      | Found a runed translucent door.
  1470 | D:2      | Noticed Crazy Yiuf
  1539 | D:2      | 1539 ||| READING scroll labelled EBURPH TIWKICA.
  1540 | D:2      | 1540 ||| READING 2 scrolls labelled SUARAL RURRAD.
  1540 | D:2      | 1540 ||| IDENTIFYING grey potion
  1541 | D:2      | 1541 ||| READING scroll of identify.
  1541 | D:2      | 1541 ||| IDENTIFYING inky potion
  1542 | D:2      | 1542 ||| READING scroll labelled WIK ROQIDOXT.
  1543 | D:2      | 1543 ||| READING scroll labelled XIALOZA ROAWAM.
  1544 | D:2      | 1544 ||| READING scroll labelled WOEBOU TEMIGI.
  1545 | D:2      | 1545 ||| DRINKING 2 bubbling emerald potions.
  1546 | D:2      | 1546 ||| DROPPING potion of degeneration.
  1548 | D:2      | 1548 ||| Stepping ~*~*~tactically~*~*~ (cloud).
  1550 | D:2      | HP: 4/20 [poisoned by you (poison gas)]
  1554 | D:2      | HP: 1/20 [poisoned by you (poison gas)]
  1555 | D:2      | Succumbed to their own poison gas

Levels and vault maps discovered:
D:1:      dpeg_arrival_ratfight, layout_loops_corners, serial_shops, shop
D:2:      layout_rooms, serial_shops, nicolae_shop_competitors_out_of_business,
          uniq_crazy_yiuf_cottage

Skill      XL: |  1  2  3 |
---------------+----------+-----
Ranged Weapons | 6 7 |  7.0
Fighting       | |  1.5
Dodging        | |  2.4
Stealth        | |  1.2

Action                     || total
---------------------------++-------
   Fire: Shortbow          ||    64
    Use: Scroll            ||    12
         Potion            ||     1
 Armour: Leather armour    ||     7
         Ring mail         ||     6
  Dodge: Dodged            ||    10

Table legend:
 A = Non-vault XP
 B = Vault XP
 C = Vault XP percentage of total XP
 D = Non-vault monster count
 E = Vault monster count
 F = Vault count percentage of total count
                 A         B        C        D         E       F
            +---------+---------+-------+---------+---------+-------
      Total |      65 |       5 |   7.1 |      25 |       5 |  16.7
            +---------+---------+-------+---------+---------+-------
        D:1 |      19 |       5 |  20.8 |      12 |       5 |  29.4
        D:2 |      46 |       0 |   0.0 |      13 |       0 |   0.0
            +---------+---------+-------+---------+---------+-------
